TOP OF THE 1ST |
Kansas City Kings batting - Pitching for Chicago Machine : RHP Geoffrey Keller
|
Pitching: RHP Geoffrey Keller
|
|
Batting: LHB Brian Boone
|
0-0: Ball 1-0: DOUBLE (Line Drive, 9LS)
|
Batting: LHB Ray Spencer
|
0-0: Ground out 1-3 (Groundball, 15)
|
Batting: RHB Toshimichi Kono
|
0-0: Foul Ball, location: 2F 0-1: Ball 1-1: Ball 2-1: Ball 3-1: Fly out, F5 (Popup, 25F)
|
Batting: LHB Pablo Reyes
|
0-0: Ground out 4-3 (Groundball, 4)
|
Top of the 1st over - 0 run(s), 1 hit(s), 0 error(s), 1 left on base; Kansas City 0 - Chicago 0 |
BOTTOM OF THE 1ST |
Chicago Machine batting - Pitching for Kansas City Kings : LHP Jesús López
|
Pitching: LHP Jesús López
|
|
Batting: RHB Pablo Sandoval
|
0-0: Called Strike 0-1: Ball 1-1: SINGLE (Line Drive, 7S)
|
Batting: RHB Derek Ramsey
|
Pickoff Throw to First - Out! 0-0: Swinging Strike 0-1: Called Strike 0-2: Ball 1-2: Ground out 5-3 (Groundball, 5L)
|
Batting: RHB Edward Young
|
0-0: Ball 1-0: Called Strike 1-1: Ground out 6-3 (Groundball, 6M)
|
Bottom of the 1st over - 0 run(s), 1 hit(s), 0 error(s), 0 left on base; Kansas City 0 - Chicago 0 |
TOP OF THE 2ND |
Kansas City Kings batting - Pitching for Chicago Machine : RHP Geoffrey Keller
|
Batting: RHB Chris Chandler
|
0-0: SINGLE (Groundball, 6D) (infield hit)
|
Batting: SHB Víctor Serrano
|
0-0: Ball 1-0: Called Strike 1-1: Ball 2-1: Ball 3-1: Foul Ball, location: 2F 3-2: Strikes out looking Throwing error on steal attempt, E2 Chris Chandler to third
|
Batting: LHB Ethan Marshall
|
0-0: Called Strike 0-1: Fly out, F7 (Flyball, 7M) Runner from 3rd tags up, SCORES, no throw
|
Batting: RHB Dave Parker
|
0-0: Swinging Strike 0-1: Ball 1-1: Foul Ball, location: 2F 1-2: Ground out 6-3 (Groundball, 6M)
|
Top of the 2nd over - 1 run(s), 1 hit(s), 1 error(s), 0 left on base; Kansas City 1 - Chicago 0 |
BOTTOM OF THE 2ND |
Chicago Machine batting - Pitching for Kansas City Kings : LHP Jesús López
|
Batting: SHB Edward Bartlett
|
0-0: Ball 1-0: Ball 2-0: Called Strike 2-1: SINGLE (Groundball, 4MD)
|
Batting: RHB Doug Stephens
|
0-0: Ball 1-0: Ball 2-0: Called Strike 2-1: Grounds into double play, 6-4-3 (Groundball, 6M)
|
Batting: RHB Lorenzo Guzmán
|
0-0: Called Strike 0-1: Called Strike 0-2: Strikes out swinging
|
Bottom of the 2nd over - 0 run(s), 1 hit(s), 0 error(s), 0 left on base; Kansas City 1 - Chicago 0 |
TOP OF THE 3RD |
Kansas City Kings batting - Pitching for Chicago Machine : RHP Geoffrey Keller
|
Batting: RHB Matt Richards
|
0-0: Ball 1-0: Ground out 5-3 (Groundball, 5)
|
Batting: LHB Brian Boone
|
0-0: Ball 1-0: Hit by Pitch
|
Pinch Runner at 1st Vic Robertson:
|
|
Batting: LHB Ray Spencer
|
0-0: Ball 1-0: Called Strike 1-1: Ball 2-1: Ball 3-1: Foul Ball, location: 2F 3-2: Strikes out swinging
|
Batting: RHB Toshimichi Kono
|
0-0: Ball 1-0: Called Strike 1-1: Foul Ball, location: 2F 1-2: SINGLE (Groundball, 6) Vic Robertson to second
|
Batting: LHB Pablo Reyes
|
0-0: Called Strike 0-1: SINGLE (Line Drive, 34D) Vic Robertson to third Toshimichi Kono to second Runner from 3rd tries for Home, SAFE, no throw or cutoff
|
Batting: RHB Chris Chandler
|
0-0: Ball 1-0: Called Strike 1-1: Foul Ball, location: 2F 1-2: Ball 2-2: Foul Ball, location: 2F 2-2: Strikes out swinging
|
Top of the 3rd over - 1 run(s), 2 hit(s), 0 error(s), 2 left on base; Kansas City 2 - Chicago 0 |
BOTTOM OF THE 3RD |
Chicago Machine batting - Pitching for Kansas City Kings : LHP Jesús López
|
Now in RF: Vic Robertson
|
|
Batting: RHB Roberto Cardona
|
0-0: Ball 1-0: Foul Ball, location: 2F 1-1: SINGLE (Groundball, 56D)
|
Batting: LHB Bob Smith
|
0-0: Ball 1-0: Ball 2-0: Called Strike 2-1: Grounds into double play, 5-4-3 (Groundball, 5)
|
Batting: SHB Joaquín López
|
0-0: Foul Ball, location: 2F 0-1: Ground out 6-3 (Groundball, 6)
|
Bottom of the 3rd over - 0 run(s), 1 hit(s), 0 error(s), 0 left on base; Kansas City 2 - Chicago 0 |
TOP OF THE 4TH |
Kansas City Kings batting - Pitching for Chicago Machine : RHP Geoffrey Keller
|
Batting: SHB Víctor Serrano
|
0-0: Ball 1-0: Ball 2-0: Foul Ball, location: 2F 2-1: Called Strike 2-2: SINGLE (Groundball, 34D)
|
Batting: LHB Ethan Marshall
|
0-0: Ball 1-0: Ball 2-0: SINGLE (Groundball, 34D) Víctor Serrano to second
|
Batting: RHB Dave Parker
|
0-0: Called Strike 0-1: Foul Ball, location: 2F 0-2: Ball 1-2: Fly out, F8 (Flyball, 8LXD) Runner from 2nd tags up, SAFE at 3rd, no throw
|
Batting: RHB Matt Richards
|
0-0: Ball 1-0: Fielders Choice at 2nd, 1-4 (Groundball, 23)
|
Batting: LHB Vic Robertson
|
0-0: SINGLE (Line Drive, 7LS) Víctor Serrano scores Matt Richards to second
|
Batting: LHB Ray Spencer
|
0-0: Ball 1-0: SINGLE (Line Drive, 4D) Matt Richards to third Vic Robertson to second Runner from 3rd tries for Home, SAFE, no throw or cutoff
|
Batting: RHB Toshimichi Kono
|
0-0: Swinging Strike 0-1: Fielders Choice at 2nd, U6 (Groundball, 6M)
|
Top of the 4th over - 2 run(s), 4 hit(s), 0 error(s), 2 left on base; Kansas City 4 - Chicago 0 |
BOTTOM OF THE 4TH |
Chicago Machine batting - Pitching for Kansas City Kings : LHP Jesús López
|
Batting: RHB Pablo Sandoval
|
0-0: Ground out 6-3 (Groundball, 6)
|
Batting: RHB Derek Ramsey
|
0-0: Called Strike 0-1: Ground out 5-3 (Groundball, 5S)
|
Batting: RHB Edward Young
|
0-0: Swinging Strike 0-1: Ball 1-1: Ball 2-1: Swinging Strike 2-2: Strikes out swinging
|
Bottom of the 4th over - 0 run(s), 0 hit(s), 0 error(s), 0 left on base; Kansas City 4 - Chicago 0 |
TOP OF THE 5TH |
Kansas City Kings batting - Pitching for Chicago Machine : RHP Geoffrey Keller
|
Batting: LHB Pablo Reyes
|
0-0: Called Strike 0-1: Ball 1-1: Ball 2-1: Ground out 1-3 (Groundball, 13S)
|
Batting: RHB Chris Chandler
|
0-0: Ball 1-0: Foul Ball, location: 2F 1-1: Foul Ball, location: 2F 1-2: Foul Ball, location: 2F 1-2: Ball 2-2: Ball 3-2: Fly out, F8 (Flyball, 8RM)
|
Batting: SHB Víctor Serrano
|
0-0: Called Strike 0-1: Ball 1-1: Ball 2-1: Ball 3-1: Base on Balls
|
Batting: LHB Ethan Marshall
|
0-0: Called Strike 0-1: Ball 1-1: Foul Ball, location: 2F 1-2: Strikes out swinging
|
Top of the 5th over - 0 run(s), 0 hit(s), 0 error(s), 1 left on base; Kansas City 4 - Chicago 0 |
BOTTOM OF THE 5TH |
Chicago Machine batting - Pitching for Kansas City Kings : LHP Jesús López
|
Batting: SHB Edward Bartlett
|
0-0: Ball 1-0: Swinging Strike 1-1: Called Strike 1-2: Foul Ball, location: 2F 1-2: Strikes out swinging
|
Batting: RHB Doug Stephens
|
0-0: Called Strike 0-1: Foul Ball, location: 2F 0-2: Ball 1-2: Strikes out swinging
|
Batting: RHB Lorenzo Guzmán
|
0-0: Called Strike 0-1: TRIPLE (Line Drive, 89D)
|
Batting: RHB Roberto Cardona
|
0-0: Called Strike 0-1: Ball 1-1: Swinging Strike 1-2: Strikes out swinging
|
Bottom of the 5th over - 0 run(s), 1 hit(s), 0 error(s), 1 left on base; Kansas City 4 - Chicago 0 |
TOP OF THE 6TH |
Kansas City Kings batting - Pitching for Chicago Machine : RHP Geoffrey Keller
|
Batting: RHB Dave Parker
|
0-0: Ball 1-0: SINGLE (Line Drive, 9LS)
|
Batting: RHB Matt Richards
|
0-0: Foul Ball, location: 2F 0-1: Swinging Strike 0-2: Ball 1-2: Strikes out swinging
|
Batting: LHB Vic Robertson
|
0-0: Ball 1-0: Called Strike 1-1: Called Strike 1-2: Foul Ball, location: 2F 1-2: Foul Ball, location: 2F 1-2: Ball 2-2: Foul Ball, location: 2F 2-2: Foul Ball, location: 2F 2-2: Foul Ball, location: 2F 2-2: Ball 3-2: Strikes out swinging
|
Batting: LHB Ray Spencer
|
0-0: Ball 1-0: Ground out 1-3 (Groundball, 13S)
|
Top of the 6th over - 0 run(s), 1 hit(s), 0 error(s), 1 left on base; Kansas City 4 - Chicago 0 |
BOTTOM OF THE 6TH |
Chicago Machine batting - Pitching for Kansas City Kings : LHP Jesús López
|
Batting: LHB Bob Smith
|
0-0: Ball 1-0: Fly out, F8 (Flyball, 78M)
|
Batting: SHB Joaquín López
|
0-0: Foul Ball, location: 2F 0-1: Ball 1-1: Ball 2-1: Swinging Strike 2-2: Ball 3-2: Base on Balls
|
Batting: RHB Pablo Sandoval
|
0-0: Called Strike 0-1: Foul Ball, location: 2F 0-2: Foul Ball, location: 2F 0-2: Ball 1-2: Strikes out swinging
|
Batting: RHB Derek Ramsey
|
0-0: DOUBLE (Flyball, 78D) Joaquín López to third
|
Batting: RHB Edward Young
|
0-0: Called Strike 0-1: Called Strike 0-2: Ball 1-2: Ball 2-2: Strikes out swinging
|
Bottom of the 6th over - 0 run(s), 1 hit(s), 0 error(s), 2 left on base; Kansas City 4 - Chicago 0 |
TOP OF THE 7TH |
Kansas City Kings batting - Pitching for Chicago Machine : RHP Geoffrey Keller
|
Pitching: LHP Austin Wall
|
|
Batting: RHB Toshimichi Kono
|
0-0: Ball 1-0: Foul Ball, location: 2F 1-1: Ground out 6-3 (Groundball, 6)
|
Batting: LHB Pablo Reyes
|
0-0: Ball 1-0: DOUBLE (Flyball, 8LXD)
|
Batting: RHB Chris Chandler
|
0-0: Ball 1-0: Ball 2-0: Called Strike 2-1: Ball 3-1: Called Strike 3-2: Fly out, F8 (Flyball, 8LM)
|
Batting: SHB Víctor Serrano
|
0-0: Ball 1-0: Foul Ball, location: 2F 1-1: Foul Ball, location: 2F 1-2: Ball 2-2: Ball 3-2: Ground out 4-3 (Groundball, 4)
|
Top of the 7th over - 0 run(s), 1 hit(s), 0 error(s), 1 left on base; Kansas City 4 - Chicago 0 |
BOTTOM OF THE 7TH |
Chicago Machine batting - Pitching for Kansas City Kings : LHP Jesús López
|
Batting: SHB Edward Bartlett
|
0-0: Foul Ball, location: 2F 0-1: Ball 1-1: Swinging Strike 1-2: Ground out 6-3 (Groundball, 6M)
|
Batting: RHB Doug Stephens
|
0-0: Called Strike 0-1: Foul Ball, location: 2F 0-2: Ball 1-2: Strikes out swinging
|
Batting: RHB Lorenzo Guzmán
|
0-0: Foul Ball, location: 2F 0-1: Called Strike 0-2: Ball 1-2: Foul Ball, location: 2F 1-2: Foul Ball, location: 2F 1-2: Foul Ball, location: 2F 1-2: Ground out 5-3 (Groundball, 5L)
|
Bottom of the 7th over - 0 run(s), 0 hit(s), 0 error(s), 0 left on base; Kansas City 4 - Chicago 0 |
TOP OF THE 8TH |
Kansas City Kings batting - Pitching for Chicago Machine : LHP Austin Wall
|
Batting: LHB Ethan Marshall
|
0-0: Ball 1-0: Ball 2-0: Swinging Strike 2-1: Foul Ball, location: 2F 2-2: Ball 3-2: Ground out 6-3 (Groundball, 6)
|
Batting: RHB Dave Parker
|
0-0: Ball 1-0: Called Strike 1-1: Ball 2-1: Foul Ball, location: 2F 2-2: Foul Ball, location: 2F 2-2: Strikes out swinging
|
Batting: RHB Matt Richards
|
0-0: Ball 1-0: Called Strike 1-1: Ball 2-1: SINGLE (Line Drive, 78S)
|
Batting: LHB Vic Robertson
|
0-0: Called Strike 0-1: Ball 1-1: Ball Wild Pitch! Matt Richards to second 2-1: Ball 3-1: SINGLE (Groundball, 25) (infield hit) Matt Richards to third
|
Batting: LHB Ray Spencer
|
0-0: Fly out, F7 (Flyball, 78M)
|
Top of the 8th over - 0 run(s), 2 hit(s), 0 error(s), 2 left on base; Kansas City 4 - Chicago 0 |
BOTTOM OF THE 8TH |
Chicago Machine batting - Pitching for Kansas City Kings : LHP Jesús López
|
Batting: RHB Roberto Cardona
|
0-0: Foul Ball, location: 2F 0-1: Ball 1-1: Ball 2-1: Called Strike 2-2: Ball 3-2: Base on Balls
|
Batting: LHB Bob Smith
|
0-0: Ball 1-0: Foul Ball, location: 2F 1-1: Ball 2-1: Swinging Strike 2-2: SINGLE (Line Drive, 6D) Roberto Cardona to second
|
Batting: SHB Joaquín López
|
0-0: Fly out, F7 (Flyball, 78D)
|
Batting: RHB Pablo Sandoval
|
0-0: Called Strike 0-1: Ball 1-1: Ball 2-1: Foul Ball, location: 2F 2-2: 3-RUN HOME RUN (Flyball, 7D), Distance : 384 ft
|
Batting: RHB Derek Ramsey
|
0-0: Foul Ball, location: 2F 0-1: Foul Ball, location: 2F 0-2: Ball 1-2: Foul Ball, location: 2F 1-2: Ball 2-2: Strikes out swinging
|
Batting: RHB Edward Young
|
0-0: Called Strike 0-1: Swinging Strike 0-2: Ball 1-2: Strikes out swinging
|
Bottom of the 8th over - 3 run(s), 2 hit(s), 0 error(s), 0 left on base; Kansas City 4 - Chicago 3 |
TOP OF THE 9TH |
Kansas City Kings batting - Pitching for Chicago Machine : LHP Austin Wall
|
Pitching: RHP Víctor Reyes
|
|
Batting: RHB Toshimichi Kono
|
0-0: Called Strike 0-1: Swinging Strike 0-2: Foul Ball, location: 2F 0-2: Foul Ball, location: 2F 0-2: Ball 1-2: Strikes out swinging
|
Batting: LHB Pablo Reyes
|
0-0: Ball 1-0: Foul Ball, location: 2F 1-1: Ground out U3 (Groundball, 3)
|
Batting: RHB Chris Chandler
|
0-0: Ball 1-0: Called Strike 1-1: Ball 2-1: Ball 3-1: Foul Ball, location: 2F 3-2: Foul Ball, location: 2F 3-2: Base on Balls
|
Batting: SHB Víctor Serrano
|
0-0: Ball 1-0: Called Strike Chris Chandler is caught stealing 2nd base
|
Top of the 9th over - 0 run(s), 0 hit(s), 0 error(s), 0 left on base; Kansas City 4 - Chicago 3 |
BOTTOM OF THE 9TH |
Chicago Machine batting - Pitching for Kansas City Kings : LHP Jesús López
|
Pitching: RHP Alonso Jiménez
|
|
Pinch Hitting: LHB Eric Wheeler
|
0-0: Ball 1-0: Called Strike 1-1: Ball 2-1: Foul Ball, location: 2F 2-2: Ball 3-2: Base on Balls
|
Batting: RHB Doug Stephens
|
0-0: Foul Ball, location: 2F 0-1: Ball 1-1: Foul Ball, location: 2F 1-2: Strikes out swinging
|
Batting: RHB Lorenzo Guzmán
|
0-0: Ball 1-0: Foul Ball, location: 2F 1-1: Swinging Strike 1-2: Strikes out swinging
|
Batting: RHB Roberto Cardona
|
0-0: Called Strike 0-1: Ball 1-1: Called Strike 1-2: Strikes out looking
|
Bottom of the 9th over - 0 run(s), 0 hit(s), 0 error(s), 1 left on base; Kansas City 4 - Chicago 3 |
|